 Dungeon Crawl Stone Soup version 0.31.0-11-ge490571c62 (webtiles) character file.

Game seed: 439644359187739149

53 theswoord the Twirler (level 3, -1/27 HPs)
             Began as a Demonspawn Gladiator on Feb 2, 2024.
             Slain by a ribbon worm (8 damage)
             ... on level 2 of the Dungeon.
             The game lasted 00:03:09 (1111 turns).

theswoord the Twirler (Demonspawn Gladiator)        Turns: 1111, Time: 00:03:10

Health: -1/27      AC:  4    Str: 16    XL:     3   Next: 62%
Magic:  3/3        EV: 12    Int:  8    God:
Gold:   79         SH:  0    Dex: 16    Spells: 2/2 levels left

rFire   . . .        a - +0 quarterstaff
rCold   . . .        (shield currently unavailable)
rNeg    . . .        b - +0 leather armour
rPois   .            c - +0 helmet
rElec   .            (no cloak)
rCorr   .            (no gloves)
SInv    .            (no boots)
Will    .....        (no amulet)
Stlth   ++           (no ring)
HPRegen 0.24/turn    (no ring)
MPRegen 0.08/turn

%: no passive effects
@: no status effects
A: thin skeletal structure 1, spiny 1
a: no special abilities


You were on level 2 of the Dungeon.
You visited 1 branch of the dungeon, and saw 2 of its levels.

You collected 79 gold pieces.

Inventory:

Hand Weapons
 a - a +0 quarterstaff (weapon)
Missiles
 d - 3 throwing nets (quivered)
 e - a javelin
Armour
 b - a +0 leather armour (worn)
 c - a +0 helmet (worn)
 t - a +0 pair of gloves
Jewellery
 o - an amulet of faith
Talismans
 h - a beast talisman
Scrolls
 f - a scroll of amnesia {unknown}
 g - a scroll of torment {unknown}
 j - a scroll of blinking {unknown}
 k - a scroll of teleportation {unknown}
 l - a scroll of vulnerability {unknown}
 q - a scroll of identify {unknown}
Potions
 i - a potion of magic {unknown}
 m - a potion of berserk rage {unknown}
 n - a potion of resistance {unknown}
 p - a potion of cancellation {unknown}
 r - a potion of might {unknown}
 s - a potion of curing {unknown}


   Skills:
 - Level 2.0 Fighting
 + Level 4.2 Staves
 - Level 1.7 Throwing
 - Level 2.6 Dodging


You had 2 spell levels left.
You didn't know any spells.
Your spell library was empty.

Dungeon Overview and Level Annotations

Branches:
Dungeon (2/15)

Altars:


Innate Abilities, Weirdness & Mutations

You have a somewhat thin skeletal structure. (Dex +2, Stealth+)
You are partially covered in sharp spines.


Message History

The ribbon worm is struck by your spines.
The ribbon worm closely misses you. x2; The hobgoblin hits you.
Unknown command.
You hit the ribbon worm.
The ribbon worm is heavily wounded.
The ribbon worm bites you. The hobgoblin is struck by your spines.
You kill the hobgoblin!
The ribbon worm bites you.
* * * LOW HITPOINT WARNING * * *
Unknown command.
You hit the ribbon worm.
The ribbon worm is almost dead.
The ribbon worm expels a string of sticky webbing.
The stream of webbing hits you but does no damage.
You are caught in a web!
The ribbon worm expels a string of sticky webbing.
The stream of webbing hits you but does no damage.
You are even more entangled.
You struggle to detach yourself from the web.
The ribbon worm is struck by your spines.
The ribbon worm bites you but does no damage.
The web tears apart.
The ribbon worm is struck by your spines.
The ribbon worm closely misses you. x2
Unknown command.
You hit the ribbon worm.
The ribbon worm is almost dead.
The ribbon worm bites you.
* * * LOW HITPOINT WARNING * * *
Unknown command.
You hit the ribbon worm.
You kill the ribbon worm!
The ribbon worm is struck by your spines.
The ribbon worm bites you but does no damage.
Unknown command.
The ribbon worm expels a string of sticky webbing.
The stream of webbing misses you.
You see here a ribbon worm corpse.
The ribbon worm bites you!
You die...

..###.....#....#
###...###.#.###.####
.......####.# #...#
#...##.##...# ##..#
.......##.### #'##
#..#....## ♣♣!♣♣♣
###........# ♣♣.)..♣♣♣
#......#####♣♣.††w...♣♣
#...†..# ♣...@.....♣
#......# +....~~~~~..♣
###'##.# #♣..⌠....~..♣
#.##... ♣...~.⌠.~...
#.####..# ♣♣..~....⌠..
#..# ..# ♣..~~~~~...
###.###..# ♣♣.........
#..>.....# ♣♣.......♣
#.##.....#


You could see a ribbon worm (catching breath).

Vanquished Creatures
  An adder (D:2)
  2 dart slugs (D:2)
  2 ribbon worms (D:2)
  An orc (D:2)
  3 endoplasms
  3 giant cockroaches
  4 goblins (D:2)
  4 hobgoblins (D:2)
  4 kobolds
  A quokka (D:2)
  2 ball pythons (D:2)
  A frilled lizard (D:2)
  4 rats
32 creatures vanquished.

Notes
Turn   | Place    | Note
-------+----------+-------------------------------------------
     0 | D:1      | theswoord the Demonspawn Gladiator began the quest for the
                  | Orb.
     0 | D:1      | Reached XP level 1. HP: 16/16 MP: 1/1
   248 | D:1      | Reached skill level 3 in Staves
   332 | D:1      | You fall into a shaft and drop 1 floor!
   387 | D:2      | Gained mutation: You have a somewhat thin skeletal
                  | structure. (Dex +2, Stealth+) [demonic ancestry]
   387 | D:2      | Reached XP level 2. HP: 22/22 MP: 2/2
   760 | D:2      | Gained mutation: You are partially covered in sharp spines.
                  | [demonic ancestry]
   760 | D:2      | Reached XP level 3. HP: 27/27 MP: 3/3
   781 | D:2      | Reached skill level 4 in Staves
  1111 | D:2      | Slain by a ribbon worm

Skill      XL: |  1  2  3 |
---------------+----------+-----
Staves         | 3 4 |  4.2
Fighting       | |  2.0
Throwing       | |  1.7
Dodging        | |  2.6

Action                     || total
---------------------------++-------
  Melee: Quarterstaff      ||    78
   Stab: Sleeping          ||     2
 Armour: Leather armour    ||    30
  Dodge: Dodged            ||    52

Levels and vault maps discovered:
D:1:      heliophobic_arrival_battle_scene, layout_loops_corners,
          minmay_misc_feat_alley
D:2:      minmay_razor_zed, layout_basic, basic_altar, kennysheep_potato
